Map: Ephemeron LE

Players

HolyHit

  • Race: Protoss Protoss
  • League: Grandmaster
  • Spawn Location: 5:00

A.I. 2 (Very Easy) - Winner!

  • Race: Zerg Zerg
  • Spawn Location: 11:00

VOD

Have the link to the VOD?

Description

♥ Thanks to HolyHit :)!

Time

  • Played on: March 5, 2020, 6:29 a.m.
  • Length: 7:13
Show
View Real Time Build Order
Export as new Build Order

HolyHit Protoss 

Build Orders: 1 Gate Expand, Oracle Opening, Zealot Archon, Archon Drop 

Get SALT Encoding   

  12  0:01  Probe  
  13  0:13  Probe  
  14  0:18  Pylon  
  14  0:25  Probe  
  15  0:37  Probe (Chrono Boost)  
  15  0:41  Gateway  
  16  0:47  Probe (Chrono Boost)  
  16  0:48  Assimilator  
  17  0:52  Probe (Chrono Boost)  
  18  1:03  Probe  
  19  1:15  Probe  
  20  1:24  Nexus  
  20  1:35  Cybernetics Core  
  20  1:38  Probe  
  21  1:43  Assimilator  
  21  1:50  Probe  
  21  1:52  Pylon  
  22  2:02  Probe  
  22  2:08  Adept (Chrono Boost)  
  25  2:17  Probe  
  25  2:22  Stargate  
  26  2:29  Probe  
  27  2:31  Warp Gate  
  27  2:34  Adept (Chrono Boost)  
  29  2:37  Probe  
  29  2:38  Probe  
  31  2:45  Probe  
  31  2:50  Probe  
  33  2:55  Probe  
  34  3:02  Probe  
  34  3:03  Gateway  
  35  3:06  Oracle  
  35  3:08  Probe  
  39  3:15  Probe  
  39  3:19  Shield Battery  
  40  3:21  Stalker  
  40  3:22  Probe  
  43  3:27  Probe  
  43  3:32  Pylon  
  44  3:38  Probe  
  44  3:39  Probe  
  46  3:45  Assimilator  
  46  3:47  Assimilator  
  46  3:50  Probe  
  46  3:51  Robotics Facility  
  46  3:52  Probe  
  46  3:54  Twilight Council  
  48  4:04  Probe x2  
  48  4:08  Pylon  
  50  4:16  Probe  
  51  4:19  Probe  
  51  4:20  Adept  
  54  4:27  Adept  
  56  4:31  Gateway  
  56  4:34  Gateway, Templar Archives  
  56  4:36  Probe  
  56  4:37  Warp Prism (Chrono Boost)  
  58  4:45  Pylon  
  59  4:50  Pylon  
  59  4:51  Probe  
  61  4:55  Probe  
  61  5:12  Probe, Nexus  
  62  5:16  Probe  
  62  5:20  Observer  
  64  5:22  Forge  
  64  5:26  Probe  
  64  5:28  Probe  
  66  5:33  High Templar x4  
  74  5:38  Probe  
  74  5:40  Probe  
  74  5:42  Archon  
  76  5:43  Archon  
  76  5:44  Pylon  
  76  5:50  Probe  
  77  6:02  Immortal (Chrono Boost)  
  81  6:05  Probe (Chrono Boost)  
  81  6:06  Probe (Chrono Boost)  
  83  6:12  Pylon  
  83  6:13  Gateway  
  83  6:14  Gateway  
  83  6:16  Gateway  
  84  6:18  Probe (Chrono Boost)  
  84  6:19  Probe (Chrono Boost)  
  84  6:25  Probe x2  
  85  6:26  Probe  
  85  6:32  Sentry x3  
  94  6:38  Immortal (Chrono Boost), Probe  
  99  6:44  Probe x2  
  99  6:46  Assimilator  
  101  6:50  Assimilator  
  101  6:59  Zealot x4  
Show
View Real Time Build Order
Export as new Build Order

A.I. 2 (Very Easy) Zerg - Winner!

Build Orders: Hatch First 

Get SALT Encoding   

  12  0:01  Drone  
  13  0:12  Overlord  
  13  0:16  Drone  
  14  0:43  Hatchery  
  14  0:45  Drone  
  14  1:04  Spawning Pool  
  14  1:06  Drone  
  14  1:10  Extractor  
  13  1:14  Drone  
  14  1:22  Overlord  
  14  1:51  Zergling x2  
  14  1:52  Queen  
  14  1:54  Zergling x2  
  18  2:00  Roach Warren  
  17  2:06  Drone  
  18  2:10  Extractor  
  18  2:14  Drone  
  18  2:18  Zergling x2  
  19  2:24  Drone  
  20  2:31  Drone  
  21  2:38  Drone  
  22  2:45  Drone  
  23  2:52  Drone  
  24  3:00  Drone  
  24  3:07  Drone  
  24  3:10  Roach  
  27  3:14  Drone  
  27  3:19  Overlord  
  28  3:23  Drone  
  29  3:30  Drone  
  30  3:37  Drone  
  31  3:44  Drone  
  32  3:49  Overlord  
  32  3:53  Drone  
  33  3:58  Lair  
  33  4:00  Drone  
  33  4:02  Roach  
  36  4:08  Drone  
  37  4:16  Drone  
  38  4:23  Drone  
  39  4:30  Drone  
  40  4:37  Drone  
  41  4:38  Overlord  
  41  4:44  Drone  
  42  4:51  Drone  
  43  4:53  Roach  
  43  4:56  Overseer  
  43  4:59  Drone, Overseer  
  46  5:04  Extractor  
  46  5:06  Drone, Extractor  
  45  5:13  Drone  
  46  5:20  Drone  
  47  5:27  Drone  
  48  5:35  Drone  
  49  5:42  Drone  
  50  5:44  Roach  
  48  6:11  Drone  
  41  6:19  Drone  
  40  6:26  Drone  
  41  6:33  Drone  
  41  6:36  Zergling x2  
  43  6:41  Drone  
  44  6:48  Drone  
  45  6:55  Drone  
Tags
 
Add a new tag
Caveats
  • Supply blocks, unpowered buildings, or Contaminate may cause inaccurate times.
  • Supply counts are checked every 10 seconds.